 Dungeon Crawl Stone Soup version 0.18.1-50-g88ac8fd (webtiles) character file.

262703 hurricos the Sorcerer (level 19, -5/98 HPs)
             Began as a Deep Elf Wizard on Oct 16, 2016.
             Was the Champion of Makhleb.
             Shot with an arrow by a deep elf master archer (15 damage)
             ... on level 3 of the Elven Halls on Nov 1, 2016.
             The game lasted 01:36:11 (49741 turns).

hurricos the Sorcerer (Deep Elf Wizard)            Turns: 49741, Time: 01:36:12

Health: -5/98      AC: 19    Str:  4    XL:     19   Next: 61%
Magic:  25/46      EV: 22    Int: 39    God:    Makhleb [******]
Gold:   1860       SH:  6    Dex: 16    Spells: 17 memorised, 1 level left

rFire  + . .     SeeInvis +     b - staff of conjuration
rCold  + . .     Gourm    .     x - +2 robe {rF+}
rNeg   . . .     Faith    .     m - +1 buckler {AC+3}
rPois  +         Spirit   .     q - +2 hat {rC+}
rElec  .         Dismiss  .     s - +1 cloak
rCorr  .         Reflect  .     l - +2 pair of gloves {Dex+3}
SustAt .         Harm     .     y - +2 pair of boots {Fly}
MR     +....                    F - amulet of magic regeneration
Stlth  +++.......               Y - ring "Ufraxzao" {Int+2 SInv Stlth-}
                                a - +5 ring of intelligence

@: flying, repel missiles, somewhat resistant to hostile enchantments, fairly
stealthy
A: hooves 1, thin metallic scales 1, poison resistance
a: Minor Destruction, Lesser Servant of Makhleb, Major Destruction, Greater
Servant of Makhleb, Renounce Religion, Stop Flying
}: 1/15 runes: decaying


You were on level 3 of the Elven Halls.
You worshipped Makhleb.
Makhleb was exalted by your worship.
You were not hungry.

You visited 7 branches of the dungeon, and saw 36 of its levels.
You also visited: Ice Cave and Volcano.

You collected 3910 gold pieces.
You spent 2050 gold pieces at shops.

Inventory:

Armour
 l - a +2 pair of gloves of dexterity (worn)
 m - a +1 buckler of protection (worn)
 q - a +2 hat of cold resistance (worn)
 s - a +1 cloak (worn)
 x - a +2 robe of fire resistance (worn)
 y - a +2 pair of boots of flying (worn)
Magical Staves
 b - an uncursed staff of conjuration (weapon)
 i - an uncursed staff of power
 j - an uncursed staff of cold
Jewellery
 a - a +5 ring of intelligence (left hand)
 F - an amulet of magic regeneration (around neck)
 Y - the ring "Ufraxzao" (right hand) {Int+2 SInv Stlth-}
   (You found it on level 8 of the Lair of Beasts)

   [ring of loudness]

   It affects your intelligence (+2).
   It lets you see invisible.
   It makes you less stealthy.
Wands
 z - a wand of digging (16/24)
 B - a wand of disintegration (3/24)
 S - a wand of teleportation (4/9)
Scrolls
 d - a scroll of holy word
 e - 10 scrolls of remove curse
 g - a scroll of teleportation
 k - 2 scrolls of blinking
 r - 2 scrolls of fear
 v - 2 scrolls of fog
 A - 7 scrolls of recharging
 L - a scroll of enchant armour
 M - 5 scrolls of enchant weapon
 N - 3 scrolls of identify
 R - 6 scrolls of magic mapping
Potions
 h - 3 potions of agility
 p - 7 potions of curing
 E - 4 potions of might
 H - 5 potions of brilliance
 J - 2 potions of cure mutation
 K - a potion of heal wounds
 P - 3 potions of haste
 Q - a potion of cancellation
Books
 c - a book of Minor Magic

   Spells                             Type                      Level
   a - Magic Dart                     Conjuration                  1
   b - Blink                          Translocation                2
   c - Call Imp                       Summoning                    2
   d - Repel Missiles                 Charms/Air                   2
   e - Slow                           Hexes                        2
   f - Conjure Flame                  Conjuration/Fire             3
   g - Mephitic Cloud                 Conjuration/Poison/Air       3
 n - the Incunabulum of Flying Shape Shifting
   (You found it on level 3 of the Vaults)

   Spells                             Type                      Level
   a - Beastly Appendage              Transmutation                1
   b - Mephitic Cloud                 Conjuration/Poison/Air       3
   c - Spider Form                    Transmutation/Poison         3
   d - Ice Form                       Ice/Transmutation            4
   e - Summon Lightning Spire         Summoning/Air                4
   f - Lightning Bolt                 Conjuration/Air              5
 t - a book of Flames

   Spells                             Type                      Level
   a - Flame Tongue                   Conjuration/Fire             1
   b - Throw Flame                    Conjuration/Fire             2
   c - Conjure Flame                  Conjuration/Fire             3
   d - Inner Flame                    Hexes/Fire                   3
   e - Sticky Flame                   Conjuration/Fire             4
   f - Fireball                       Conjuration/Fire             5
 u - a book of Alchemy

   Spells                             Type                      Level
   a - Sublimation of Blood           Necromancy                   2
   b - Ignite Poison                  Fire/Transmutation/Poison    3
   c - Petrify                        Transmutation/Earth          4
   d - Alistair's Intoxication        Transmutation/Poison         5
   e - Irradiate                      Conjuration/Transmutation    5
 w - a book of Dreams

   Spells                             Type                      Level
   a - Ensorcelled Hibernation        Hexes/Ice                    2
   b - Silence                        Hexes/Air                    5
   c - Darkness                       Hexes                        6
   d - Shadow Creatures               Summoning                    6
 D - a book of Party Tricks

   Spells                             Type                      Level
   a - Summon Butterflies             Summoning                    1
   b - Apportation                    Translocation                1
   c - Tukima's Dance                 Hexes                        3
   d - Alistair's Intoxication        Transmutation/Poison         5
   e - Invisibility                   Hexes                        6
 O - a book of the Warp

   Spells                             Type                      Level
   a - Recall                         Summoning/Translocation      3
   b - Gell's Gravitas                Hexes/Translocation          3
   c - Force Lance                    Conjuration/Translocation    4
   d - Warp Weapon                    Charms/Translocation         5
   e - Summon Forest                  Summoning/Translocation      5
 T - the Compendium of Stolen Souls
   (You found it on level 1 of the Elven Halls)

   Spells                             Type                      Level
   a - Animate Skeleton               Necromancy                   1
   b - Corpse Rot                     Necromancy                   2
   c - Vampiric Draining              Necromancy                   3
   d - Animate Dead                   Necromancy                   4
   e - Death Channel                  Necromancy                   6
 W - a book of the Earth

   Spells                             Type                      Level
   a - Leda's Liquefaction            Hexes/Earth                  4
   b - Bolt of Magma                  Conjuration/Fire/Earth       5
   c - Statue Form                    Transmutation/Earth          6
   d - Iron Shot                      Conjuration/Earth            6
   e - Shatter                        Earth                        9
 X - a book of Envenomations

   Spells                             Type                      Level
   a - Spider Form                    Transmutation/Poison         3
   b - Olgreb's Toxic Radiance        Poison                       4
   c - Alistair's Intoxication        Transmutation/Poison         5
   d - Poisonous Cloud                Conjuration/Poison/Air       6
 Z - a book of Death

   Spells                             Type                      Level
   a - Corpse Rot                     Necromancy                   2
   b - Sublimation of Blood           Necromancy                   2
   c - Agony                          Necromancy                   5
   d - Dispel Undead                  Necromancy                   5
   e - Excruciating Wounds            Charms/Necromancy            5
   f - Bolt of Draining               Conjuration/Necromancy       5
Miscellaneous
 f - 3 phantom mirrors
 o - a disc of storms
 V - a legendary deck of summoning {the Illusion}
Comestibles
 C - a royal jelly
 G - a slice of pizza
 I - 34 fruits
 U - 6 beef jerkies


   Skills:
 - Level 4.0 Fighting
   Level 6.3 Short Blades
 - Level 14.0 Dodging
 - Level 9.0 Stealth
 - Level 4.0 Shields
 + Level 21.8 Spellcasting
 + Level 19.6 Conjurations
   Level 4.8 Hexes
 - Level 4.0 Charms
 - Level 1.1 Summonings
 - Level 3.7 Necromancy
 - Level 3.0 Translocations
 - Level 6.0 Transmutations
 - Level 3.5 Fire Magic
 - Level 6.5 Ice Magic
 + Level 8.3 Air Magic
 - Level 10.3 Earth Magic
 - Level 6.5 Poison Magic
 - Level 5.5 Invocations
 - Level 8.5 Evocations


You had one spell level left.
You knew the following spells:

 Your Spells              Type           Power        Failure   Level  Hunger
a - Lightning Bolt        Conj/Air       ########..   1%          5    None
b - Blink                 Tloc           N/A          1%          2    None
c - Conjure Flame         Conj/Fire      ########     0%          3    None
d - Sticky Flame          Conj/Fire      ########     1%          4    None
e - Mephitic Cloud        Conj/Pois/Air  ########     0%          3    None
f - Olgreb's Toxic Radia  Pois           #######.     1%          4    None
g - Sublimation of Blood  Necr           ######....   1%          2    None
k - Repel Missiles        Chrm/Air       ######       1%          2    None
l - Throw Icicle          Conj/Ice       ########     1%          4    None
n - Iron Shot             Conj/Erth      ########..   1%          6    None
o - Ozocubu's Armour      Chrm/Ice       ######..     1%          3    None
r - Ignite Poison         Fire/Trmt/Pois ######..     1%          3    None
A - Apportation           Tloc           ######....   1%          1    None
C - Poisonous Cloud       Conj/Pois/Air  ########..   1%          6    None
E - Fireball              Conj/Fire      ########..   1%          5    None
T - Statue Form           Trmt/Erth      #######..    3%          6    None
Z - Summon Butterflies    Summ           ######..     1%          1    None


Dungeon Overview and Level Annotations

Branches:
Dungeon (15/15)            Temple (1/1) D:6            Lair (8/8) D:11
  Swamp (4/4) Lair:5        Snake (0/4) Lair:5        Slime (0/6) Lair:6
    Orc (2/2) D:10            Elf (3/3) Orc:2        Vaults (3/5) D:14
  Crypt (0/3) Vaults:2     Depths (0/5) D:15

Altars:
Ashenzari
Cheibriados
Dithmenos
Elyvilon
Fedhas
Gozag
Kikubaaqudgha
Makhleb
Nemelex Xobeh
Okawaru
Pakellas
Qazlal
Ru
Sif Muna
Trog
Vehumet
Xom
Yredelemnul
Zin
The Shining One

Shops:
D:4 [   D:5 (:   D:11 [   Orc:2 }%**[   Elf:3 [   Vaults:2 (   Vaults:3 =

Annotations:
Elf:2 5 runed doors


Innate Abilities, Weirdness & Mutations

You have large cloven feet.
You are partially covered in thin metallic scales (AC +2).
Your system is resistant to poisons.


Message History

You can't see any susceptible monsters within range! (Use Z to cast anyway.)
You start resting.
Casting: Lightning Bolt
Confirm with . or Enter, or press ? or * to list all spells.
Aiming: Lightning Bolt
Press: ? - help, Shift-Dir - straight line, p - deep elf master archer You feel a surge of power!
That beam is likely to hit you.
Continue anyway?
You hear a mighty clap of thunder!
The bolt of lightning misses the deep elf master archer.
The bolt of lightning hits the deep elf master archer.
The deep elf master archer is severely wounded.
The bolt of lightning misses you.
You hear a shout! x2
The deep elf master archer shoots an arrow.
The arrow hits you!!
* * * LOW HITPOINT WARNING * * *
The deep elf master archer shoots an arrow.
The arrow hits you!
You die...

#...#...# ####...###.##
## ##..###..#
###.##.∩.# ##.## .#
##...#...####........#
##.###.##
.###...####........#.#
##.#...# .# #...#
#..........# ##'...# .#
##'##
#.........########.....
.# #!#
#.........'.....'......
.# #.#
#..(..)...#######...e..
## #.# ##'.(.@)###
##...... ## #.#
##)###e### ####.......
.####'####.## ##.#
#..........
#'#.....#'## ##.#
#.######### ##.......##
#.# #.# #....P<...# #)#
#.# #.........# #)##.#
'..P...P..# #)#.#
#.........# #e.#


You could see a deep elf master archer.

Vanquished Creatures
  Saint Roka (Vaults:2)
  Xtahua (Vaults:2)
  Rupert (Lair:4)
  A deep elf master archer (Elf:3)
  2 deep elf blademasters (Elf:3)
  An ancient champion (Vaults:2)
  A sphinx (D:12)
  3 thorn hunters (Swamp:4)
  Kirke (Swamp:2)
  Roxanne (Elf:1)
  Wiglaf (Elf:2)
  Donald (Orc:1)
  4 deep elf sorcerers
  2 frost giants (Vaults:3)
  2 fire giants (Vaults:3)
  The ghost of petervk the Infuser, a journeyman DrVM of Gozag (D:14)
  2 vault wardens (Vaults:2)
  6 ironheart preservers
  A deep elf elementalist (Elf:3)
  5 stone giants
  7 very ugly things
  3 deep elf demonologists
  5 deep elf annihilators
  A vampire knight (Vaults:2)
  Azrael (Elf:1)
  An eidolon (Vaults:2)
  5 vault guards
  2 crystal guardians (Vaults:3)
  2 fire dragons
  2 ettins
  3 deep elf death magi
  Josephine (Orc:1)
  6 yaktaur captains
  2 great orbs of eyes (Vaults:3)
  3 deep elf high priests
  20 hydras
  A rakshasa (D:15)
  The ghost of Ruokin the Blocker, a journeyman HuFi of the Shining One (Lair:1)
  3 catoblepae
  An ice dragon (Vaults:1)
  2 ghost crabs
  4 ogre magi
  Erica (D:9)
  A death knight (Vaults:1)
  8 alligators
  7 centaur warriors
  5 death yaks
  2 tengu warriors (D:15)
  6 dancing weapons
  6 orc high priests
  A queen ant (Lair:6)
  Sonja (Lair:4)
  5 spriggans
  6 deep elf knights
  3 wizards
  3 unseen horrors
  8 skeletal warriors
  A giant orange brain (Vaults:2)
  A shambling mangrove (Swamp:2)
  A flayed ghost (D:12)
  9 swamp dragons
  9 ironbrand convokers
  8 harpies (Vaults:3)
  A lindwurm (Lair:3)
  9 deep elf archers
  12 orc knights
  4 hill giants
  50 deep elf magi
  5 necromancers
  A wolf spider (Vaults:2)
  4 orc sorcerers
  23 ugly things
  A wolf spider zombie (D:15)
  3 hornets
  6 slime creatures
  7 griffons
  4 cyclopes
  5 vault sentinels
  7 black mambas
  4 elephants (Lair:5)
  An eye of devastation (Lair:6)
  33 spiny frogs
  15 yaktaurs
  A kobold demonologist (Vaults:3)
  2 rime drakes
  A komodo dragon (shapeshifter) (Vaults:3)
  4 yaktaurs (shapeshifter)
  8 freezing wraiths
  A redback zombie (D:13)
  13 komodo dragons
  3 tengu conjurers
  A polar bear (shapeshifter) (D:14)
  A polar bear (Lair:8)
  5 trolls
  A queen bee (shapeshifter) (Vaults:1)
  13 two-headed ogres
  24 blink frogs
  A harpy skeleton (D:15)
  5 bog bodies
  4 giant leeches
  A hornet zombie (D:15)
  7 boulder beetles
  The ghost of Shufflesack the Sneak, an amateur HaAs (D:3)
  A human simulacrum (Vaults:2)
  2 large abominations (Elf:1)
  4 shadows
  6 wraiths
  A vampire (D:11)
  38 yaks
  A yak (shapeshifter) (D:12)
  A fire bat (Volcano)
  A tarantella (shapeshifter) (Elf:1)
  3 wyverns
  A hog (shapeshifter) (Vaults:1)
  5 air elementals
  5 redbacks (Vaults:3)
  3 basilisks
  2 hogs
  22 humans
  A water elemental (Elf:1)
  4 hungry ghosts
  19 vampire mosquitoes
  11 hippogriffs
  2 death yak simulacra (IceCv)
  8 fire elementals
  Menkaure (D:6)
  4 mottled dragons
  20 water moccasins
  3 nagas (Lair:5)
  A warg (shapeshifter) (Vaults:1)
  3 wargs
  23 swamp worms
  11 porcupines
  7 soldier ants (Lair:6)
  A hell hound (Orc:2)
  46 orc warriors
  4 sky beasts
  7 swamp drakes (Swamp:4)
  7 ice beasts
  A necrophage (D:9)
  4 phantoms
  2 black bears
  11 wasps
  An eye of draining (Lair:6)
  25 ogres
  7 boggarts
  17 centaurs
  6 wolves (Lair:4)
  13 crocodiles
  4 elf zombies (Elf:1)
  34 giant frogs
  A gnoll sergeant (Orc:2)
  2 earth elementals
  2 scorpions
  A water moccasin zombie (D:11)
  A wyvern skeleton (D:11)
  2 howler monkeys
  5 killer bees (D:12)
  6 electric eels
  3 centaur zombies
  3 crimson imps
  A quasit (D:12)
  2 draconian simulacra (IceCv)
  3 giant frog zombies
  6 hounds
  8 centaur skeletons
  37 orc priests
  10 jellies
  2 giant frog skeletons
  A gnoll shaman (D:10)
  14 iguanas
  23 orc wizards
  8 troll simulacra (IceCv)
  28 worker ants
  4 yak simulacra (Lair:7)
  3 wolf simulacra
  4 polar bear simulacra
  9 sheep
  4 centaur simulacra (IceCv)
  Robin (D:3)
  13 gnolls
  3 ogre simulacra (IceCv)
  17 adders
  2 naga simulacra (IceCv)
  104 river rats
  5 shadow imps
  23 white imps
  7 oozes
  An adder zombie (D:6)
  A worm (D:3)
  4 giant geckos
  87 orcs
  4 giant cockroaches
  6 goblins
  9 hobgoblins
  10 jackals
  3 quokkas
  7 ball pythons
  4 bats
  A giant gecko zombie (D:8)
  6 giant newts
  7 kobolds
  A quokka skeleton (D:4)
  6 rats
  2 river rat simulacra (Lair:7)
  A briar patch (Swamp:4)
  A plant (D:11)
1431 creatures vanquished.

Vanquished Creatures (collateral kills)
  A very ugly thing (Vaults:1)
  A death knight (Vaults:2)
  A death yak (Lair:2)
  2 ugly things (Vaults:1)
  An ice statue (IceCv)
  3 freezing wraiths (IceCv)
  A boulder beetle (shapeshifter) (Vaults:1)
  An ogre (D:14)
  A scorpion (D:14)
  A draconian simulacrum (IceCv)
  An orc priest (Elf:1)
14 creatures vanquished.

Vanquished Creatures (others)
  An ugly thing (D:13)
  A cyclops (D:3)
  A vault sentinel (Vaults:3)
  A hog (Volcano)
  A human (Swamp:2)
  A vampire mosquito (Lair:8)
  An orc warrior (Volcano)
  A white imp (Orc:1)
  3 orcs
  4 briar patches (Swamp:4)
  5 bushes
  36 fungi
  20 plants
  6 toadstools (Lair:3)
82 creatures vanquished.

Grand Total: 1527 creatures vanquished

Notes
Turn   | Place    | Note
--------------------------------------------------------------
     0 | D:1      | hurricos the Deep Elf Wizard began the quest for the Orb.
     0 | D:1      | Reached XP level 1. HP: 10/10 MP: 7/7
   247 | D:1      | Reached XP level 2. HP: 12/15 MP: 0/9
  1021 | D:2      | Reached XP level 3. HP: 19/19 MP: 7/11
  1583 | D:3      | Reached XP level 4. HP: 23/24 MP: 7/12
  1587 | D:3      | Learned a level 2 spell: Blink
  1590 | D:3      | Learned a level 2 spell: Repel Missiles
  1594 | D:3      | Learned a level 3 spell: Conjure Flame
  1599 | D:3      | Learned a level 3 spell: Mephitic Cloud
  1643 | D:3      | Noticed Shufflesack's ghost (amateur HaAs)
  1667 | D:3      | Killed Shufflesack's ghost
  1667 | D:3      | Reached skill level 5 in Spellcasting
  1667 | D:3      | Reached skill level 5 in Conjurations
  1667 | D:3      | Reached XP level 5. HP: 23/28 MP: 0/15
  1949 | D:3      | Noticed Robin
  2008 | D:3      | Killed Robin
  2008 | D:3      | Reached XP level 6. HP: 32/32 MP: 2/16
  2120 | D:3      | Found an oddly glowing altar of Pakellas.
  2121 | D:3      | Noticed a cyclops
  2126 | D:3      | Killed a cyclops
  2499 | D:4      | Reached skill level 6 in Spellcasting
  2704 | D:4      | Found Kytsaps's Armour Emporium.
  2719 | D:4      | Got an ichor-stained chain mail
  2731 | D:4      | Identified the +4 chain mail of the Cast Vote {+Fly} (You found it on level 4 of the Dungeon)
  2771 | D:4      | Found a shadowy altar of Dithmenos.
  3160 | D:4      | Got a shimmering flail
  3161 | D:4      | Identified the +9 flail of Spontaneous Combustion {venom, rF+ Int+2} (You found it on level 4 of the Dungeon)
  3226 | D:5      | Entered Level 5 of the Dungeon
  3395 | D:5      | Found a snail-covered altar of Cheibriados.
  3504 | D:5      | Found Jarebluc's Antique Weapon Boutique.
  3512 | D:5      | Bought a shimmering short sword for 248 gold pieces
  3512 | D:5      | Identified the +10 short sword "Vulathul" {freeze, rElec MR+} (You bought it in a shop on level 5 of the Dungeon)
  3529 | D:5      | Reached XP level 7. HP: 33/36 MP: 9/18
  3578 | D:5      | Found Nuutyl's Book Shop.
  3704 | D:5      | Reached skill level 5 in Dodging
  4206 | D:6      | Found a staircase to the Ecumenical Temple.
  4214 | Temple   | Entered the Ecumenical Temple
  4267 | Temple   | Gained mutation: Your mind is acute. (Int +2) [potion of beneficial mutation]
  4321 | D:6      | Found a burning altar of Makhleb.
  4328 | D:6      | Became a worshipper of Makhleb the Destroyer
  4542 | D:6      | Reached skill level 7 in Spellcasting
  4600 | D:6      | Found a basalt altar of Yredelemnul.
  4668 | D:6      | Reached XP level 8. HP: 32/41 MP: 14/20
  4745 | D:6      | Noticed Menkaure
  4762 | D:6      | Killed Menkaure
  4969 | D:6      | Found a blossoming altar of Fedhas.
  5100 | D:6      | Reached * piety under Makhleb
  5565 | D:7      | Reached skill level 1 in Charms
  5565 | D:7      | Reached skill level 1 in Invocations
  5630 | D:7      | Reached skill level 1 in Fire Magic
  5630 | D:7      | Reached skill level 1 in Air Magic
  5687 | D:7      | Reached skill level 1 in Poison Magic
  5747 | D:7      | Reached skill level 8 in Spellcasting
  6005 | D:7      | Reached ** piety under Makhleb
  6005 | D:7      | Reached XP level 9. HP: 45/45 MP: 5/23
  6496 | D:7      | Found an opulent altar of Gozag.
  6644 | D:8      | Found a shadowy altar of Dithmenos.
  7368 | D:8      | Reached skill level 1 in Shields
  8065 | D:9      | Noticed Erica
  8159 | D:9      | Reached XP level 10. HP: 50/50 MP: 17/24
  8181 | D:9      | Noticed a deep elf mage
  8182 | D:9      | Found a radiant altar of Vehumet.
  8290 | D:9      | Killed Erica
  8290 | D:9      | Reached skill level 9 in Spellcasting
  8384 | D:9      | Found an opulent altar of Gozag.
  8509 | D:9      | You fall through a shaft for 3 floors!
  8719 | D:12     | Reached *** piety under Makhleb
  8757 | D:12     | Noticed a white ugly thing
  8777 | D:11     | Found a staircase to the Lair.
  9072 | D:11     | Reached skill level 10 in Conjurations
  9147 | D:11     | Found a shimmering altar of Xom.
  9185 | D:11     | Found Yceroteg's Armour Emporium.
  9502 | D:10     | Entered Level 10 of the Dungeon
  9519 | D:10     | Gained mutation: Your flesh is heat resistant. [mutagenic meat]
  9520 | D:10     | Gained mutation: Your muscles are strong. (Str +2) [mutagenic meat]
  9521 | D:10     | Gained mutation: You can translocate small distances at will. [mutagenic meat]
  9935 | D:10     | Noticed a hill giant
  9952 | D:10     | You fall through a shaft for 3 floors!
 10346 | D:13     | Noticed a cyan ugly thing
 10420 | D:12     | Reached skill level 10 in Spellcasting
 10518 | D:12     | Learned a level 2 spell: Ensorcelled Hibernation
 10640 | D:12     | Reached XP level 11. HP: 54/54 MP: 21/27
 10641 | D:12     | Reached **** piety under Makhleb
 10753 | D:12     | Reached skill level 1 in Short Blades
 10753 | D:12     | Reached skill level 1 in Hexes
 10753 | D:12     | Reached skill level 1 in Ice Magic
 10772 | D:12     | Noticed a red ugly thing
 11237 | D:12     | Noticed an orc knight
 11261 | D:12     | Noticed a flayed ghost
 11283 | D:12     | Killed a flayed ghost
 11424 | D:12     | Reached skill level 5 in Stealth
 11543 | D:12     | Noticed a sphinx
 11589 | D:12     | Killed an orc knight
 12269 | D:10     | Found a staircase to the Orcish Mines.
 12270 | D:10     | Noticed a hill giant
 12284 | D:10     | Killed a hill giant
 12550 | D:10     | Killed a hill giant
 12550 | D:10     | Reached ***** piety under Makhleb
 12585 | D:9      | Killed a deep elf mage
 12657 | Lair:1   | Entered Level 1 of the Lair of Beasts
 12803 | Lair:1   | Noticed Ruokin's ghost (journeyman HuFi)
 12829 | Lair:1   | Killed Ruokin's ghost
 13220 | Lair:1   | Got a jewelled short sword
 13221 | Lair:1   | Identified the +7 short sword "Newtslayer" {pierce, MR+ Str+4 Stlth+} (You found it on level 1 of the Lair of Beasts)
 13223 | Lair:1   | Noticed a seven-headed hydra
 14056 | Lair:2   | Reached XP level 12. HP: 55/59 MP: 28/28
 14595 | Lair:2   | Reached skill level 11 in Spellcasting
 14602 | Lair:2   | Reached skill level 5 in Short Blades
 14908 | Lair:2   | Noticed a six-headed hydra
 15034 | Lair:2   | Killed a six-headed hydra
 15034 | Lair:2   | Reached skill level 10 in Dodging
 15305 | Lair:3   | Noticed a four-headed hydra
 15309 | Lair:3   | Killed a four-headed hydra
 15361 | Lair:3   | Found a dark tunnel.
 15395 | Volcano  | Entered a volcano
 16570 | Lair:3   | Noticed a death yak
 16572 | Lair:3   | Noticed a death yak
 16573 | Lair:3   | Noticed a death yak
 16574 | Lair:3   | Noticed a death yak
 16575 | Lair:3   | Noticed a death yak
 16584 | Lair:3   | Noticed a death yak
 16701 | Lair:2   | Killed a death yak
 16701 | Lair:2   | Reached ****** piety under Makhleb
 17026 | Lair:2   | Killed a death yak
 17575 | Orc:1    | Entered Level 1 of the Orcish Mines
 17576 | Orc:1    | Found a frozen archway.
 17652 | IceCv    | Entered an ice cave
 17939 | IceCv    | Reached skill level 12 in Spellcasting
 18697 | IceCv    | Lost mutation: Your muscles are strong. (Str +2) [potion of cure mutation]
 18697 | IceCv    | Lost mutation: You can translocate small distances at will. [potion of cure mutation]
 18697 | IceCv    | Lost mutation: Your flesh is heat resistant. [potion of cure mutation]
 18697 | IceCv    | Lost mutation: Your mind is acute. (Int +2) [potion of cure mutation]
 18700 | IceCv    | Gained mutation: You have large cloven feet. [potion of mutation]
 18700 | IceCv    | Gained mutation: You are partially covered in thin metallic scales (AC +2). [potion of mutation]
 18700 | IceCv    | Gained mutation: Your system is resistant to poisons. [potion of mutation]
 19469 | IceCv    | Reached skill level 5 in Invocations
 19497 | IceCv    | Reached XP level 13. HP: 63/63 MP: 28/31
 19715 | IceCv    | Learned a level 3 spell: Ozocubu's Armour
 19720 | IceCv    | Learned a level 4 spell: Throw Icicle
 20033 | IceCv    | Found an ancient bone altar of Kikubaaqudgha.
 20460 | Orc:2    | Entered Level 2 of the Orcish Mines
 20460 | Orc:2    | Found a staircase to the Elven Halls.
 20466 | Orc:2    | Noticed Donald
 20580 | Orc:2    | Found Fodo's Armour Shop.
 20960 | Orc:1    | Killed Donald
 20960 | Orc:1    | Reached skill level 5 in Ice Magic
 21102 | Orc:2    | Bought a +2 pair of boots of flying for 301 gold pieces
 23148 | Orc:2    | Found Loqip's General Store.
 23151 | Orc:2    | Found Akiorgh's Food Shop.
 23152 | Orc:2    | Found Nysm's Gadget Boutique.
 23153 | Orc:2    | Found Dootut's Assorted Antiques.
 23160 | Orc:2    | Bought a scroll of acquirement for 780 gold pieces
 23164 | Orc:2    | Learned a level 1 spell: Summon Butterflies
 23166 | Orc:2    | Learned a level 1 spell: Apportation
 23531 | Lair:3   | Reached skill level 13 in Spellcasting
 24383 | Lair:4   | Noticed Rupert
 24398 | Lair:4   | Killed Rupert
 24398 | Lair:4   | Reached XP level 14. HP: 68/68 MP: 14/33
 24777 | Lair:4   | Noticed Sonja
 24781 | Lair:4   | Killed Sonja
 24781 | Lair:4   | Reached skill level 14 in Spellcasting
 25436 | Lair:5   | Reached skill level 15 in Conjurations
 25625 | Lair:5   | Found a staircase to the Swamp.
 25815 | Lair:5   | Found a staircase to the Snake Pit.
 27169 | Lair:6   | Found a staircase to the Slime Pits.
 27825 | Lair:7   | Reached skill level 15 in Spellcasting
 28749 | Lair:8   | Entered Level 8 of the Lair of Beasts
 28913 | Lair:8   | Reached skill level 16 in Spellcasting
 29271 | Lair:8   | Reached XP level 15. HP: 72/72 MP: 8/37
 29488 | Lair:8   | Reached skill level 17 in Spellcasting
 29555 | Lair:8   | Got an ichor-stained ring mail
 29556 | Lair:8   | Identified the +5 ring mail of Fortitude {*Drain +Fly rElec rCorr} (You found it on level 8 of the Lair of Beasts)
 29891 | Lair:8   | Found an opulent altar of Gozag.
 30192 | Lair:8   | Got a shimmering turquoise ring
 30193 | Lair:8   | Identified the ring "Ufraxzao" {Int+2 SInv Stlth-} (You found it on level 8 of the Lair of Beasts)
 30623 | Orc:1    | Noticed Josephine
 30666 | Orc:1    | Killed Josephine
 30803 | Orc:1    | Found a bloodstained altar of Trog.
 30966 | Elf:1    | Entered Level 1 of the Elven Halls
 30971 | Elf:1    | Reached skill level 18 in Spellcasting
 30973 | Elf:1    | Noticed Azrael
 31107 | Elf:1    | Killed Azrael
 31340 | Elf:1    | Noticed Roxanne
 31778 | Elf:1    | Reached skill level 19 in Spellcasting
 31912 | Elf:1    | Identified the Compendium of Stolen Souls (You found it on level 1 of the Elven Halls)
 32571 | Elf:1    | Learned a level 4 spell: Summon Ice Beast
 32591 | Elf:1    | Killed Roxanne
 32603 | Elf:1    | Learned a level 6 spell: Iron Shot
 32618 | Elf:1    | Got a slimy ring mail
 32629 | Elf:1    | Identified the +4 ring mail "Cuhec" {Regen+} (You found it on level 1 of the Elven Halls)
 32925 | Swamp:1  | Entered Level 1 of the Swamp
 32928 | Swamp:1  | Reached skill level 1 in Earth Magic
 33763 | Swamp:2  | Reached skill level 5 in Earth Magic
 34016 | Swamp:2  | Noticed Kirke
 34322 | Swamp:2  | Noticed a sphinx
 34368 | Swamp:2  | Killed Kirke
 34943 | Swamp:2  | Reached XP level 16. HP: 76/76 MP: 2/41
 35664 | Swamp:3  | Found a white marble altar of Elyvilon.
 35807 | Swamp:4  | Entered Level 4 of the Swamp
 35894 | Swamp:4  | Noticed a thorn hunter
 35897 | Swamp:4  | Killed a thorn hunter
 36176 | Swamp:4  | Reached skill level 20 in Spellcasting
 36331 | Swamp:4  | Noticed a thorn hunter
 36422 | Swamp:4  | Killed a thorn hunter
 36636 | Swamp:4  | Learned a level 6 spell: Statue Form
 36678 | Swamp:4  | Reached skill level 1 in Transmutations
 36890 | Swamp:4  | Reached skill level 1 in Evocations
 37038 | Swamp:4  | Got a decaying rune of Zot
 37058 | Swamp:4  | Noticed a thorn hunter
 37089 | Swamp:4  | Killed a thorn hunter
 37371 | D:12     | Killed a sphinx
 37371 | D:12     | Reached skill level 1 in Fighting
 37576 | D:13     | You are sucked into a shaft!
 38513 | D:14     | Noticed petervk's ghost (journeyman DrVM)
 38522 | D:14     | Killed petervk's ghost
 39264 | D:14     | Found a gate to the Vaults.
 39586 | D:14     | Found a shattered altar of Ashenzari.
 39722 | D:14     | Reached XP level 17. HP: 86/86 MP: 17/43
 39859 | D:15     | Entered Level 15 of the Dungeon
 40379 | D:15     | Reached skill level 5 in Transmutations
 40603 | D:15     | Found a staircase to the Depths.
 40642 | D:15     | Reached skill level 5 in Evocations
 40899 | Vaults:1 | Entered Level 1 of the Vaults
 42058 | Vaults:1 | Reached skill level 10 in Earth Magic
 42987 | Vaults:1 | Learned a level 6 spell: Poisonous Cloud
 43065 | Vaults:2 | Learned a level 2 spell: Sublimation of Blood
 43166 | Vaults:2 | Reached skill level 5 in Poison Magic
 43290 | Vaults:2 | Reached skill level 5 in Air Magic
 43418 | Vaults:2 | Reached skill level 1 in Necromancy
 43506 | Vaults:2 | Noticed a Tzitzimitl
 43511 | Vaults:2 | Noticed a Hell Sentinel
 43628 | Vaults:2 | Found a staircase to the Crypt.
 43641 | Vaults:2 | Reached XP level 18. HP: 60/94 MP: 5/44
 43749 | Vaults:2 | Paralysed by a vampire knight for 6 turns
 43847 | Vaults:2 | Learned a level 4 spell: Olgreb's Toxic Radiance
 43851 | Vaults:2 | Learned a level 3 spell: Ignite Poison
 43994 | Vaults:2 | Noticed Xtahua
 44163 | Vaults:2 | Noticed Saint Roka
 44189 | Vaults:2 | Killed Saint Roka
 44996 | Vaults:2 | Killed Xtahua
 45417 | Vaults:2 | Found Nill's Weapon Boutique.
 45977 | Vaults:3 | Learned a level 5 spell: Fireball
 45984 | Vaults:3 | Learned a level 4 spell: Sticky Flame
 46391 | Vaults:3 | Paralysed by a great orb of eyes for 3 turns
 46869 | Vaults:3 | Found Zuosacsi's Jewellery Shoppe.
 46960 | Vaults:3 | Reached skill level 21 in Spellcasting
 46997 | Vaults:3 | Reached XP level 19. HP: 98/98 MP: 5/46
 47320 | Vaults:3 | Identified the Incunabulum of Flying Shape Shifting
 47784 | Orc:2    | Bought a scroll of amnesia for 136 gold pieces
 47784 | Orc:2    | Bought a paperback book for 585 gold pieces
 47792 | Orc:2    | Learned a level 5 spell: Lightning Bolt
 48135 | Elf:2    | Noticed Wiglaf
 48423 | Elf:2    | Killed Wiglaf
 48727 | Elf:2    | Found a huge runed gate.
 48727 | Elf:2    | Found a huge runed gate.
 48727 | Elf:2    | Found a huge runed gate.
 48735 | Elf:2    | Found a huge runed gate.
 48736 | Elf:2    | Found a huge runed gate.
 49057 | Elf:3    | Entered Level 3 of the Elven Halls
 49370 | Elf:3    | Found Dagobamp's Armour Shop.
 49741 | Elf:3    | Shot with an arrow by a deep elf master archer

Skill      XL: |  1  2  3  4  5  6  7  8  9 10 11 12 13 14 15 16 17 18 19 |
---------------+----------------------------------------------------------+-----
Conjurations   | 2 3 5 6 7 8 9 10 11 12 14 16 17 19 | 19.6
Dodging        | 3 4 5 6 7 8 9 10 12 13 14 | 14.0
Spellcasting   | 5 6 7 8 10 12 13 16 19 20 21 | 21.8
Charms         | 2 4 |  4.0
Invocations    | 1 3 5 |  5.5
Fire Magic     | 1 3 |  3.5
Air Magic      | 1 2 3 5 6 8 |  8.3
Translocations | 2 3 |  3.0
Poison Magic   | 1 3 6 |  6.5
Shields        | 2 4 |  4.0
Short Blades   | 4 6 |  6.3
Stealth        | 6 9 |  9.0
Hexes          | 4 |  4.8
Ice Magic      | 3 6 |  6.5
Earth Magic    | 7 9 10 | 10.3
Transmutations | 4 6 |  6.0
Evocations     | 3 6 8 |  8.5
Fighting       | 2 4 |  4.0
Necromancy     | 2 3 |  3.7
Summonings     | |  1.1

Action                   |  1- 3 |  4- 6 |  7- 9 | 10-12 | 13-15 | 16-18 | 19-21 || total
-------------------------+-------+-------+-------+-------+-------+-------+-------++-------
Melee: Unarmed           |     1 |       |       |       |       |       |       ||     1
       Dagger            |     6 |       |       |       |       |       |       ||     6
       Short sword       |     1 |    31 |   106 |   577 |   315 |       |       ||  1030
       Staff             |       |       |       |       |   167 |    80 |     2 ||   249
       Kick              |       |       |       |       |       |    17 |       ||    17
 Cast: Magic Dart        |    73 |   122 |   395 |   334 |    45 |       |       ||   969
       Repel Missiles    |       |     1 |     2 |       |     2 |     3 |       ||     8
       Mephitic Cloud    |       |     3 |    17 |    62 |    44 |    12 |     5 ||   143
       Blink             |       |       |     6 |    94 |    13 |    23 |    23 ||   159
       Conjure Flame     |       |       |     5 |    25 |     6 |     1 |       ||    37
       Ensorcelled Hiber |       |       |       |   147 |    35 |       |       ||   182
       Throw Icicle      |       |       |       |       |   830 |   428 |    41 ||  1299
       Ozocubu's Armour  |       |       |       |       |    22 |     3 |       ||    25
       Apportation       |       |       |       |       |     1 |       |       ||     1
       Summon Ice Beast  |       |       |       |       |     3 |    15 |       ||    18
       Iron Shot         |       |       |       |       |       |   265 |    27 ||   292
       Statue Form       |       |       |       |       |       |    19 |       ||    19
       Poisonous Cloud   |       |       |       |       |       |    22 |       ||    22
       Sublimation of Bl |       |       |       |       |       |     9 |     5 ||    14
       Ignite Poison     |       |       |       |       |       |    28 |       ||    28
       Olgreb's Toxic Ra |       |       |       |       |       |    23 |       ||    23
       Sticky Flame      |       |       |       |       |       |     1 |       ||     1
       Fireball          |       |       |       |       |       |     1 |       ||     1
       Lightning Bolt    |       |       |       |       |       |       |    67 ||    67
Invok: Lesser Servant of |       |       |       |     4 |     2 |       |       ||     6
       Minor Destruction |       |       |       |    45 |       |       |       ||    45
 Abil: Evoke Flight      |       |       |       |       |     2 |       |       ||     2
       Stop Flying       |       |       |       |       |     1 |       |       ||     1
       End Transformatio |       |       |       |       |       |     3 |       ||     3
Evoke: Wand              |       |       |     1 |    16 |     4 |       |     1 ||    22
       Sack of spiders   |       |       |       |     3 |       |       |       ||     3
       Disc of storms    |       |       |       |       |       |    12 |     1 ||    13
  Use: Scroll            |       |     7 |    13 |    16 |     8 |    15 |     4 ||    63
       Potion            |       |     3 |     6 |    11 |     3 |     1 |     2 ||    26
 Stab: Confused          |       |       |     1 |    10 |     4 |       |       ||    15
       Sleeping          |       |       |     1 |    59 |    23 |       |       ||    83
       Paralysed         |       |       |       |     2 |       |       |       ||     2
       Distracted        |       |       |       |     1 |     1 |       |       ||     2
  Eat: Bread ration      |     2 |     1 |       |     4 |     1 |     4 |     2 ||    14
       Pizza             |       |     1 |     2 |     1 |       |       |       ||     4
       Chunk             |       |       |     9 |     8 |     9 |     1 |       ||    27
       Royal jelly       |       |       |       |    10 |       |       |       ||    10
       Meat ration       |       |       |       |       |     8 |     3 |       ||    11
Armor: Robe              |     8 |    17 |    39 |   128 |   217 |    69 |    16 ||   494
       Leather armour    |       |       |       |     4 |       |       |       ||     4
       Skin              |       |       |       |       |       |   104 |       ||   104
Dodge: Dodged            |    16 |    63 |   147 |   577 |   696 |   406 |    83 ||  1988
       Deflected         |       |     1 |     6 |    20 |    10 |    34 |     5 ||    76
Block: Buckler           |       |       |    10 |   187 |   248 |   149 |    14 ||   608
